AoeStats
← 玩印度的哥们硬不起来

Arena

509292844Analyzed
4v4 RM · 6d ago on Sep 26, 2026· 33m 29s· 8 players
Game mode
Random Map
Map size
Large (8 player)
Population
200
Speed
Normal
Resources
Standard
Victory
Conquest
Starting age
Dark Age
Ending age
Imperial Age
RankedLock teamsTeams togetherTeam positionsShared explorationLock speedFull tech treeHidden civsTurbo modeCheats
Victory
Defeat
🇮🇶 Lithuanians · Iraq
1414
+16
🇺🇸 Dravidians · United States
1377
+17
🇺🇸 Japanese · United States
1368
+18
🇺🇸 Franks · United States
1280
+21
1449
-20
🇨🇳 Bohemians · China
1432
-19
🇦🇷 Vietnamese · Argentina
1385
-17
🇦🇷 Danes · Argentina
1354
-16
都挺好
10:09 Feudal Age
11:51 Loom
14:26 Castle Age
12:34 Horse Collar
15:07 Double-Bit Axe
17:21 Bow Saw
18:37 Fletching
21:03 Bodkin Arrow
22:11 Padded Archer Armor
23:20 Gold Mining
25:15 Town Watch
26:05 Wheelbarrow
26:56 Hand Cart
32:16 Imperial Age
33:21 Stone Mining
玩印度的哥们硬不起来
5:50 Loom
10:42 Feudal Age
14:19 Castle Age
13:25 Horse Collar
13:35 Double-Bit Axe
14:56 Wheelbarrow
15:53 Bow Saw
20:49 Heavy Plow
23:37 Gold Mining
SRZ_07
9:15 Feudal Age
10:51 Loom
11:47 Double-Bit Axe
14:17 Castle Age
15:36 Horse Collar
19:30 Bow Saw
20:29 Heavy Plow
23:06 Wheelbarrow
22:27 Town Watch
23:16 Stone Mining
23:22 Gold Mining
26:35 Hand Cart
27:13 Forging
27:03 Scale Mail Armor
30:15 Gold Shaft Mining
34:02 Imperial Age
32:36 Iron Casting
32:16 Chain Mail Armor
31:47 Gambesons
32:03 Squires
31:48 Arson
方中
10:57 Feudal Age
15:28 Castle Age
14:12 Double-Bit Axe
14:09 Horse Collar
17:37 Wheelbarrow
17:13 Bow Saw
19:05 Heavy Plow
23:46 Loom
Cain2point0
10:44 Feudal Age
12:11 Double-Bit Axe
14:54 Castle Age
12:56 Horse Collar
15:46 Bow Saw
21:09 Scale Mail Armor
24:19 Wheelbarrow
25:52 Chain Mail Armor
26:15 Hand Cart
32:32 Imperial Age
30:15 Gold Mining
30:35 Loom
31:04 Forging
31:02 Squires
31:29 Stone Mining
32:18 Gold Shaft Mining
32:57 Elite Samurai
34:18 Iron Casting
Dr Whitman
10:17 Feudal Age
14:05 Castle Age
12:20 Double-Bit Axe
15:17 Bow Saw
26:20 Forging
26:10 Scale Mail Armor
26:30 Stone Mining
26:31 Gold Mining
27:24 Wheelbarrow
26:35 Loom
29:23 Imperial Age
26:41 Town Watch
28:25 Chain Mail Armor
28:15 Squires
28:35 Arson
29:33 Iron Casting
31:06 Hand Cart
30:17 Elite Throwing Axeman
31:34 Plate Mail Armor
31:34 Conscription
32:27 Hoardings
33:47 Gold Shaft Mining
Maverick
10:17 Feudal Age
12:02 Loom
14:51 Castle Age
12:56 Double-Bit Axe
13:20 Gold Mining
13:17 Horse Collar
29:41 Imperial Age
27:54 Padded Archer Armor
27:46 Fletching
29:48 Bow Saw
30:31 Leather Archer Armor
32:18 Ring Archer Armor
32:26 Bodkin Arrow
33:53 Conscription
Blue Sky
9:38 Feudal Age
13:48 Castle Age
14:42 Double-Bit Axe
21:57 Wheelbarrow
23:13 Horse Collar
23:44 Bow Saw
25:13 Husbandry
25:20 Scale Barding Armor
25:25 Forging
25:23 Gold Mining
26:06 Bloodlines
26:29 Chain Barding Armor
28:17 Hand Cart
27:48 Loom
27:50 Town Watch
30:10 Iron Casting
29:51 Stone Mining
33:35 Imperial Age
32:13 Stone Shaft Mining
Connection lost

Rejoining the realm…

Still unreachable

The connection could not be restored.

Session expired

The server has moved on; the page needs a fresh start.